 Dungeon Crawl Stone Soup version bcrawl-1.12.2 (webtiles) character file.

Game seed: 2861272257328947958

58 Ebbett the Shield-Bearer (level 3, -4/34 HPs)
             Began as a Minotaur Fighter on July 23, 2019.
             Slain by a goblin (6 damage)
             ... led by Robin
             ... on level 2 of the Dungeon.
             The game lasted 00:01:44 (903 turns).

Ebbett the Shield-Bearer (Minotaur Fighter)          Turns: 903, Time: 00:01:45

Health: -4/34      AC:  5    Str: 21    XL:     3   Next: 76%
Magic:  2/2        EV:  8    Int:  5    God:
Gold:   179        SH:  9    Dex:  9    Spells: 2/2 levels left

rFire    . . .     SeeInvis .   a - +0 war axe
rCold    . . .     Gourm    .   c - +0 shield
rNeg     . . .     Faith    .   l - +0 ring mail
rPois    .         Spirit   .   (helmet restricted)
rElec    .         Reflect  .   (no cloak)
rCorr    .         Harm     .   (no gloves)
MR       .....                  (no boots)
Stlth    ..........             (no amulet)
HPRegen  0.11/turn              (no ring)
MPRegen  0.08/turn              (no ring)

@: no status effects
A: retaliatory headbutt, horns 2
a: no special abilities


You were on level 2 of the Dungeon.
You were not hungry.

You visited 1 branch of the dungeon, and saw 2 of its levels.

You collected 179 gold pieces.

Inventory:

Hand Weapons
 a - a +0 war axe (weapon)
Armour
 b - a +0 scale mail
 c - a +0 shield (worn)
 l - a +0 ring mail (worn)
Jewellery
 h - an uncursed ring of stealth {unknown}
Scrolls
 g - 2 scrolls of remove curse {unknown}
 i - 2 scrolls of enchant weapon {unknown}
 j - 2 scrolls of identify {unknown}
 k - a scroll of teleportation {unknown}
Potions
 d - a potion of might
 e - a potion of invisibility {unknown}
Comestibles
 f - 5 rations {!d}


   Skills:
 + Level 4.3 Fighting
 + Level 2.8 Axes
 + Level 4.3 Armour
 + Level 4.4 Shields


You had 2 spell levels left.
You didn't know any spells.
Your spell library was empty.

Dungeon Overview and Level Annotations

Branches:
Dungeon (2/12)

Altars:

Annotations:
D:2 Robin


Innate Abilities, Weirdness & Mutations

You reflexively headbutt those who attack you in melee.
You have a pair of horns on your head.


Message History

The goblin hits you. Robin throws the goblin at you!
You closely miss the hobgoblin.
The hobgoblin is heavily wounded.
You barely miss the goblin. You closely miss the goblin. x3
You hit the goblin. The goblin hits you with a +0 club.
You block the goblin's attack. The goblin completely misses you.
You block the goblin's attack. The goblin hits you but does no damage.
The hobgoblin hits you with a +0 club.
* * * LOW HITPOINT WARNING * * *
You block the goblin's attack. The goblin hits you with a +0 dagger.
* * * LOW HITPOINT WARNING * * *
The goblin hits you.
* * * LOW HITPOINT WARNING * * *
The goblin hits you with a +0 dagger.
* * * LOW HITPOINT WARNING * * *
You closely miss the goblin. Your headbutt misses the goblin.
You barely miss the goblin. You closely miss the goblin.
You barely miss the goblin. x2; You barely miss the hobgoblin.
You barely miss the goblin. You block the goblin's attack. The goblin hits you.
You die...

..#....###.# ##+## #.#
.......##..# ##...## #.#
..#######..###.....## #####.##
..# ###...##.......## #......#
..####.....#.........###......#
...........#.....†...'........#
############.........###.....##
##..)gg..## #.....# ##.g@g.##
###.### ##ggg## #.# ##g## #.#
#g# #.# #.# #.# .g# #.# ... #.#
... #.# #...


You could see Robin, a hobgoblin and 8 goblins.

Vanquished Creatures
  A worm (D:2)
  A leopard gecko (D:1)
  4 orcs (D:2)
  4 bats
  3 giant cockroaches
  7 goblins
  6 hobgoblins
  3 jackals (D:1)
  6 kobolds
  2 quokkas (D:2)
  A ball python (D:1)
  4 frilled lizards
  2 rats (D:1)
44 creatures vanquished.

Notes
Turn   | Place    | Note
-------+----------+-------------------------------------------
     0 | D:1      | Ebbett the Minotaur Fighter began the quest for the Orb.
     0 | D:1      | Reached XP level 1. HP: 19/19 MP: 0/0
   108 | D:1      | Reached XP level 2. HP: 27/27 MP: 1/1
   407 | D:1      | Reached XP level 3. HP: 33/33 MP: 2/2
   896 | D:2      | Noticed Robin
   903 | D:2      | Slain by a goblin

Skill      XL: |  1  2 |
---------------+-------+-----
Armour         | 4 |  4.3
Fighting       | 4 |  4.3
Shields        | 4 |  4.4
Axes           | |  2.8

Action                   || total
-------------------------++-------
Melee: War axe           ||    80
       Headbutt          ||    14
Armor: Scale mail        ||    25
       Ring mail         ||    12
Dodge: Dodged            ||    30
Block: Shield            ||    54
